 Dungeon Crawl Stone Soup version 0.24-a0-584-g9d6b971ae4 (webtiles) character file.

Game seed: 12569424461574893141, levelgen mode: deterministic

4603 Leibowitz the Cleaver (level 10, -7/84 HPs)
             Began as a Demigod Fighter on Sept 5, 2019.
             Blown up by Psyche (27 damage)
             ... with a disintegration bolt
             ... on level 9 of the Dungeon.
             The game lasted 00:29:33 (9379 turns).

Leibowitz the Cleaver (Demigod Fighter)             Turns: 9379, Time: 00:29:33

Health: -7/84      AC: 17    Str: 30    XL:     10   Next: 0%
Magic:  22/22      EV: 25    Int: 10    God:
Gold:   205        SH:  0    Dex: 19    Spells: 9/9 levels left

rFire    . . .     SeeInvis .   F - +2 war axe of the Four Lovers {venom, Str+5 Int-2 Stlth+}
rCold    . . .     Gourm    .   (no shield)
rNeg     . . .     Faith    .   a - +1 chain mail of the Volcano {Dex+4} (curse)
rPois    .         Spirit   .   D - +2 helmet
rElec    .         Reflect  .   i - +0 cloak
rCorr    .         Harm     .   (no gloves)
MR       +....                  B - +1 pair of boots
Stlth    ..........             t - amulet of the acrobat
HPRegen  0.24/turn              z - ring of wizardry
MPRegen  0.18/turn              w - ring of magical power

@: acrobat
A: high mp 1
a: no special abilities


You were on level 9 of the Dungeon.
You were not hungry.

You visited 1 branch of the dungeon, and saw 9 of its levels.
You also visited: Ossuary.

You collected 404 gold pieces.
You spent 199 gold pieces at shops.

Inventory:

Hand Weapons
 s - a +2 battleaxe of chopping
 F - the +2 war axe of the Four Lovers (weapon) {venom, Str+5 Int-2 Stlth+}
   (You found it on level 6 of the Dungeon)

   It poisons the flesh of those it strikes.
   It affects your strength (+5).
   It affects your intelligence (-2).
   It makes you more stealthy.
 G - a +0 war axe of electrocution
Missiles
 c - 17 poisoned darts (quivered)
 p - 8 javelins
Armour
 a - the cursed +1 chain mail of the Volcano (worn) {Dex+4}
   (You found it on level 5 of the Dungeon)

   It affects your dexterity (+4).
   It has a curse placed upon it.
 i - a +0 cloak (worn)
 o - a +0 plate armour
 B - a +1 pair of boots (worn)
 D - a +2 helmet (worn)
Jewellery
 t - an amulet of the acrobat (around neck)
 w - a ring of magical power (right hand)
 z - a ring of wizardry (left hand)
 A - an uncursed amulet of rage
Wands
 b - a wand of flame (5)
 k - a wand of acid (8)
 H - a wand of paralysis (6)
Scrolls
 l - 5 scrolls of enchant armour
 n - 2 scrolls of remove curse
 q - 3 scrolls of teleportation
 x - 6 scrolls of identify
 y - a scroll of holy word
 I - a scroll of magic mapping
Potions
 d - a potion of might
 e - 3 potions of brilliance {unknown}
 g - a potion of berserk rage
 h - a potion of degeneration {unknown}
 j - 2 potions of haste {unknown}
 m - 6 potions of ambrosia
 r - 2 potions of curing {unknown}
 u - 2 potions of agility
 v - a potion of invisibility {unknown}
 C - 2 potions of lignification {unknown}
 E - 2 potions of flight
Comestibles
 f - 11 rations
 K - 11 chunks of flesh


   Skills:
 * Level 6.6 Fighting
 * Level 11.1 Axes
 + Level 5.6 Armour
 + Level 2.1 Dodging
   Level 2.6 Shields


You had 9 spell levels left.
You didn't know any spells.
Your spell library contained the following spells:

 Spells                   Type           Power        Failure   Level  Hunger
 Beastly Appendage        Tmut           #.....       54%         1    ##.....
 Sticks to Snakes         Tmut           #.......     69%         2    ###....
 Spider Form              Tmut/Pois      #.........   88%         3    ####...
 Ice Form                 Ice/Tmut       #.......     99%         4    #####..
 Blade Hands              Tmut           #.........   100%        5    ######.


Dungeon Overview and Level Annotations

Branches:
Dungeon (9/15)             Temple (0/1) D:4         Ossuary (visited)
   Lair: D:8-11         Orc: D:9-12

Shops:
D:4 (   D:7 }

Annotations:
D:3 3 runed translucent doors, MordorOrchid's ghost, weakling MiSu
D:9 Psyche


Innate Abilities, Weirdness & Mutations

You have an increased reservoir of magic. (+10% MP)


Message History

The centaur wields a +0 shortbow.
The centaur shoots an arrow.
The arrow misses you.
The centaur unwields a +0 shortbow.
The centaur misses you. The centaur completely misses you.
You slash the centaur!
The centaur is severely wounded.
The centaur hits you but does no damage.
You slash the centaur!
You kill the centaur!
You have reached level 10!
Found a viscous puce potion.
Things that are here:
a +0 shortbow; 18 arrows; a centaur corpse You butcher the centaur corpse.
K - 11 chunks of flesh (gained 5)
Things that are here:
a +0 shortbow; 18 arrows; a centaur skeleton Psyche shouts!
Psyche zaps a wand.
You are blasted!
You die...

############ #.........(#
#..........# ########
#..........# ##......#
#..........# ........#
#.###'#....#
........#####@#...#...)####
..............#...#........!..
..((((.@......#...#...........
.......#+###..#####...........
....... #..................
#+####. #.....########..... #.
#.....# ..... #. #.....# .....
#. #.....#


You could see Psyche.

Vanquished Creatures
  An ugly thing (D:8)
  Maurice (D:8)
  A hornet (D:7)
  A hippogriff (D:4)
  Prince Ribbit (D:5)
  A vampire (D:6)
  3 orc warriors
  3 sky beasts
  2 black bears
  2 phantoms (D:7)
  4 centaurs
  2 ogres
  A bullfrog (D:7)
  3 scorpions
  3 wights (D:7)
  2 howler monkeys
  A crimson imp (D:5)
  2 bullfrog zombies (D:8)
  A centaur zombie (D:7)
  6 hounds
  5 orc priests
  2 jellies
  A human zombie (Ossuary)
  A bullfrog skeleton (D:6)
  2 iguanas
  5 orc wizards
  A worker ant (D:8)
  A killer bee zombie (D:8)
  3 hound zombies (Ossuary)
  4 mummies (Ossuary)
  3 worker ant zombies
  Robin (D:2)
  A howler monkey zombie (D:7)
  4 gnolls (D:4)
  9 adders
  4 shadow imps
  2 adder skeletons
  A worm (D:6)
  A dart slug (D:2)
  6 leopard geckos
  34 orcs
  5 giant cockroaches
  18 goblins
  8 hobgoblins
  6 jackals (D:9)
  11 kobolds
  5 quokkas
  6 bats
  7 frilled lizards
  A goblin zombie (Ossuary)
  A jackal skeleton (D:4)
  2 jackal zombies (Ossuary)
  A kobold zombie (Ossuary)
  An orc zombie (Ossuary)
  A quokka skeleton (D:5)
  9 rats
  3 rat zombies (Ossuary)
217 creatures vanquished.

Notes
Turn   | Place    | Note
-------+----------+-------------------------------------------
     0 | D:1      | Leibowitz the Demigod Fighter began the quest for the Orb.
     0 | D:1      | Reached XP level 1. HP: 18/18 MP: 3/3
    56 | D:1      | Reached skill level 2 in Axes
    89 | D:1      | Reached XP level 2. HP: 24/26 MP: 4/4
   739 | D:2      | Reached XP level 3. HP: 28/31 MP: 5/5
  1480 | D:3      | Reached skill level 3 in Axes
  1480 | D:3      | Reached XP level 4. HP: 36/38 MP: 6/6
  1483 | D:3      | Noticed Robin
  1502 | D:2      | Killed Robin
  1586 | D:3      | Noticed MordorOrchid's ghost (weakling MiSu)
  1730 | D:3      | Found a white marble altar of Elyvilon.
  1888 | D:2      | Reached skill level 4 in Axes
  2011 | D:2      | Reached XP level 5. HP: 34/46 MP: 7/7
  2437 | D:3      | Found a runed translucent gate.
  2437 | D:3      | Found a runed translucent gate.
  2437 | D:3      | Found a runed translucent gate.
  2689 | D:4      | Found a sand-covered staircase.
  2704 | Ossuary  | Entered an ossuary
  2724 | Ossuary  | Reached skill level 5 in Axes
  2724 | Ossuary  | Reached XP level 6. HP: 28/52 MP: 8/8
  3352 | D:4      | Found Ramuduk's Antique Weapon Boutique.
  3730 | D:4      | Found a staircase to the Ecumenical Temple.
  3780 | D:4      | Noticed a hippogriff
  3794 | D:4      | Killed a hippogriff
  3794 | D:4      | Reached skill level 6 in Axes
  3794 | D:4      | Reached XP level 7. HP: 36/59 MP: 9/9
  4434 | D:5      | Entered Level 5 of the Dungeon
  4447 | D:5      | Reached skill level 1 in Dodging
  4686 | D:5      | Noticed Prince Ribbit
  4773 | D:5      | Killed Prince Ribbit
  4773 | D:5      | Reached skill level 7 in Axes
  4795 | D:5      | Reached XP level 8. HP: 54/67 MP: 10/10
  4797 | D:5      | Found a basalt altar of Yredelemnul.
  5008 | D:4      | Bought a runed battleaxe for 199 gold pieces
  5083 | D:5      | Found a sparkling altar of Nemelex Xobeh.
  5107 | D:5      | Got a slimy chain mail
  5118 | D:5      | Identified the cursed +1 chain mail of the Volcano {Dex+4}
                  | (You found it on level 5 of the Dungeon)
  5185 | D:5      | You fall into a shaft and drop 1 floor!
  5198 | D:6      | Reached skill level 5 in Fighting
  5383 | D:6      | Got a bloodstained war axe
  5384 | D:6      | Identified the +2 war axe of the Four Lovers {venom, Str+5
                  | Int-2 Stlth+} (You found it on level 6 of the Dungeon)
  5689 | D:5      | Found a hazy altar of Hepliaklqana.
  5775 | D:6      | Reached skill level 8 in Axes
  5962 | D:6      | HP: 3/68 [vampire (2)]
  6496 | D:7      | Found a radiant altar of Vehumet.
  6593 | D:7      | Noticed a hornet
  6597 | D:7      | Paralysed by a hornet for 3 turns
  6601 | D:7      | Killed a hornet
  6711 | D:7      | Reached skill level 5 in Armour
  6960 | D:7      | Found an ornate altar of the Wu Jian Council.
  6966 | D:7      | Reached skill level 9 in Axes
  6966 | D:7      | Reached XP level 9. HP: 62/75 MP: 11/11
  7809 | D:7      | Found Fiotoyt's Gadget Emporium.
  8076 | D:8      | Reached skill level 10 in Axes
  8241 | D:8      | Noticed Maurice
  8275 | D:8      | Paralysed by something for 7 turns
  8290 | D:8      | Killed Maurice
  8411 | D:8      | Noticed a white ugly thing
  8422 | D:8      | Killed a white ugly thing
  8948 | D:8      | Found a snail-covered altar of Cheibriados.
  9234 | D:9      | Reached skill level 11 in Axes
  9351 | D:9      | Noticed Psyche
  9366 | D:9      | Reached XP level 10. HP: 16/84 MP: 13/13
  9379 | D:9      | Blown up by Psyche

Levels and vault maps discovered:
D:1:      grunt_arrival_crossed_arrows, layout_basic
D:2:      layout_loops_corners, first_ration, kennysheep_potato
D:3:      layout_rooms, nicolae_overflow_crystal_walls, gammafunk_ghost_icy,
          uniq_robin
D:4:      layout_loops_ring, minmay_temple_entry_butterflies, serial_shops,
          nicolae_shop_stone, enter_ossuary_1, chequers_big_river
D:5:      layout_basic, nicolae_overflow_hidden_temple, lemuel_crystal_altar,
          nemelex_spade_bored_becter, uniq_prince_ribbit1
D:6:      layout_basic, minmay_manual_mares
D:7:      layout_basic, vehumet_altar_wand_db, lemuel_crystal_altar,
          serial_shops, shop
D:8:      minmay_evil_eye, layout_basic, kennysheep_little_box, uniq_maurice
D:9:      layout_irregular_city, uniq_psyche

Skill      XL: |  1  2  3  4  5  6  7  8  9 |
---------------+----------------------------+-----
Axes           | 2 3 4 5 6 7 9 11 | 11.1
Fighting       | 3 4 5 6 |  6.6
Armour         | 3 4 5 |  5.6
Dodging        | 1 2 |  2.1
Shields        | |  2.6

Action                   |  1- 3 |  4- 6 |  7- 9 | 10-12 || total
-------------------------+-------+-------+-------+-------++-------
Melee: War axe           |   136 |   179 |   357 |       ||   672
       Battleaxe         |       |       |    10 |       ||    10
Throw: Dart              |       |     5 |    18 |       ||    23
       Javelin           |       |       |     6 |       ||     6
Evoke: Wand              |       |       |     2 |       ||     2
  Use: Scroll            |       |     8 |     3 |       ||    11
       Potion            |       |       |     8 |       ||     8
  Eat: Chunk             |     2 |     4 |    15 |       ||    21
       Ration            |       |     1 |     1 |       ||     2
Armor: Scale mail        |    33 |       |       |       ||    33
       Chain mail        |    52 |   197 |   154 |       ||   403
       Plate armour      |       |       |    63 |       ||    63
Dodge: Dodged            |    69 |   105 |   196 |       ||   370

Table legend:
 A = Non-vault XP
 B = Vault XP
 C = Vault XP percentage of total XP
 D = Non-vault monster count
 E = Vault monster count
 F = Vault count percentage of total count
                 A         B        C        D         E       F
            +---------+---------+-------+---------+---------+-------
      Total |    5147 |    1429 |  21.7 |     183 |      34 |  15.7
            +---------+---------+-------+---------+---------+-------
        D:1 |      40 |       0 |   0.0 |      22 |       0 |   0.0
        D:2 |     130 |      15 |  10.3 |      28 |       1 |   3.4
        D:3 |     137 |      14 |   9.3 |      20 |       8 |  28.6
        D:4 |     477 |       0 |   0.0 |      16 |       0 |   0.0
        D:5 |     494 |     264 |  34.8 |      13 |       1 |   7.1
        D:6 |     526 |     233 |  30.7 |       9 |       2 |  18.2
        D:7 |    1660 |       2 |   0.1 |      30 |       1 |   3.2
        D:8 |    1386 |     713 |  34.0 |      29 |       5 |  14.7
        D:9 |     297 |       0 |   0.0 |      16 |       0 |   0.0
    Ossuary |       0 |     188 | 100.0 |       0 |      16 | 100.0
            +---------+---------+-------+---------+---------+-------
